| TOP OF THE 1ST |
|
Chattanooga Lookouts batting - Pitching for Birmingham Barons : RHP Cortez Laris
|
|
Pitching: RHP Cortez Laris
|
|
|
Batting: LHB Marshall Daul
|
0-0: Called Strike 0-1: DOUBLE (Line Drive, 8LXD, EV 108.8 MPH)
|
|
Batting: RHB Mike Craver
|
0-0: Fly out, F8 (Flyball, 8LD, EV 104.4 MPH)
|
|
Batting: LHB Shaun Price
|
0-0: Called Strike 0-1: SINGLE (Groundball, 56, EV 98.1 MPH) Marshall Daul to third Runner from 3rd tries for Home, SAFE, throw by LF to home Shaun Price to second
|
|
Batting: LHB Kuemon Shishido
|
0-0: Ball 1-0: Called Strike 1-1: Swinging Strike 1-2: Ground out U3 (Groundball, 34, EV 79.4 MPH) Shaun Price to third
|
|
Batting: RHB Manuel Juarez
|
0-0: Called Strike 0-1: Ball 1-1: Ball 2-1: Swinging Strike 2-2: Ball 3-2: Base on Balls
|
|
Batting: SHB Matt Urbani
|
0-0: Foul Ball, location: 2F 0-1: Foul Ball, location: 2F 0-2: Ball 1-2: Foul Ball, location: 2F 1-2: Ball 2-2: Ball 3-2: Strikes out swinging
|
| Top of the 1st over - 1 run, 2 hits, 0 errors, 2 left on base; Chattanooga 1 - Birmingham 0 |
| BOTTOM OF THE 1ST |
|
Birmingham Barons batting - Pitching for Chattanooga Lookouts : LHP Ryan Rakoff
|
|
Pitching: LHP Ryan Rakoff
|
|
|
Batting: LHB Dalton Silveira
|
0-0: Called Strike 0-1: Ball 1-1: Foul Ball, location: 2F 1-2: Ground out 6-3 (Groundball, 6, EV 87.5 MPH)
|
|
Batting: RHB Vic Lucatero
|
0-0: Called Strike 0-1: Ball 1-1: Called Strike 1-2: Strikes out swinging
|
|
Batting: LHB Carlos Ramirez
|
0-0: Called Strike 0-1: Ball 1-1: Swinging Strike 1-2: Ground out 2-3 (Groundball, 13S, EV 71.9 MPH)
|
| Bottom of the 1st over - 0 runs, 0 hits, 0 errors, 0 left on base; Chattanooga 1 - Birmingham 0 |
| TOP OF THE 2ND |
|
Chattanooga Lookouts batting - Pitching for Birmingham Barons : RHP Cortez Laris
|
|
Pitching: RHP Toyotoshi Matsui
|
|
|
Batting: LHB Brian Wagner
|
0-0: Ball 1-0: Ground out U3 (Groundball, 3L, EV 90.6 MPH)
|
|
Batting: RHB Michael McDonald
|
0-0: Ball 1-0: Called Strike 1-1: Ball 2-1: Ball 3-1: Base on Balls
|
|
Batting: RHB David Nardone
|
0-0: Ball 1-0: Foul Ball, location: 2F 1-1: Foul Ball, location: 2F 1-2: Fielders Choice at 2nd, 5-4 (Groundball, 5L, EV 82.5 MPH)
|
|
Batting: LHB Marshall Daul
|
0-0: Ball Wild Pitch! David Nardone to second 1-0: Ball 2-0: Called Strike 2-1: Ball 3-1: Base on Balls
|
|
Batting: RHB Mike Craver
|
0-0: Ball 1-0: Foul Ball, location: 2F 1-1: Ball 2-1: Ball 3-1: Foul Ball, location: 2F 3-2: Foul Ball, location: 2F 3-2: Base on Balls David Nardone to third Marshall Daul to second
|
|
Batting: LHB Shaun Price
|
0-0: Called Strike 0-1: Ball 1-1: Foul Ball, location: 2F 1-2: Fly out, F8 (Flyball, 78XD, EV 106.2 MPH)
|
| Top of the 2nd over - 0 runs, 0 hits, 0 errors, 3 left on base; Chattanooga 1 - Birmingham 0 |
| BOTTOM OF THE 2ND |
|
Birmingham Barons batting - Pitching for Chattanooga Lookouts : LHP Ryan Rakoff
|
|
Batting: RHB Trevor Conklin
|
0-0: Ball 1-0: Called Strike 1-1: Ball 2-1: Ball 3-1: Fly out, F8 (Flyball, 78XD, EV 93.1 MPH)
|
|
Batting: LHB Jason Bell
|
0-0: Foul Ball, location: 2F 0-1: Ball 1-1: Swinging Strike 1-2: Strikes out looking
|
|
Batting: SHB Veit Geisler
|
0-0: Foul Ball, location: 2F 0-1: Called Strike 0-2: Ground out 5-3 (Groundball, 25, EV 83.8 MPH)
|
| Bottom of the 2nd over - 0 runs, 0 hits, 0 errors, 0 left on base; Chattanooga 1 - Birmingham 0 |
| TOP OF THE 3RD |
|
Chattanooga Lookouts batting - Pitching for Birmingham Barons : RHP Toyotoshi Matsui
|
|
Batting: LHB Kuemon Shishido
|
0-0: Ball 1-0: Ball 2-0: Called Strike 2-1: Ball 3-1: Foul Ball, location: 2F 3-2: Foul Ball, location: 2F 3-2: Base on Balls
|
|
Batting: RHB Manuel Juarez
|
0-0: Called Strike 0-1: Ball 1-1: Ball 2-1: Ball 3-1: Base on Balls Kuemon Shishido to second
|
|
Batting: SHB Matt Urbani
|
0-0: Swinging Strike 0-1: Foul Ball, location: 2F 0-2: Strikes out swinging
|
|
Batting: LHB Brian Wagner
|
0-0: Ball 1-0: Foul Ball, location: 2F 1-1: Foul Ball, location: 2F 1-2: Strikes out swinging
|
|
Batting: RHB Michael McDonald
|
0-0: Foul Ball, location: 2F 0-1: Fly out, F7 (Flyball, 7D, EV 102.5 MPH)
|
| Top of the 3rd over - 0 runs, 0 hits, 0 errors, 2 left on base; Chattanooga 1 - Birmingham 0 |
| BOTTOM OF THE 3RD |
|
Birmingham Barons batting - Pitching for Chattanooga Lookouts : LHP Ryan Rakoff
|
|
Batting: LHB Larry Myers
|
0-0: Ball 1-0: Fly out, F8 (Flyball, 8RXD, EV 93.1 MPH)
|
|
Batting: SHB Matt Childers
|
0-0: Ball 1-0: Ball 2-0: Ball 3-0: Called Strike 3-1: Base on Balls
|
|
Batting: RHB Jerry Edmiston
|
0-0: Called Strike 0-1: Swinging Strike 0-2: Foul Ball, location: 2F 0-2: Ball 1-2: Ball 2-2: Foul Ball, location: 2F 2-2: Foul Ball, location: 2F 2-2: SINGLE (Groundball, 4MD, EV 96.9 MPH) Matt Childers to second
|
|
Batting: LHB Dalton Silveira
|
0-0: Ball 1-0: Called Strike 1-1: Fly out, F8 (Flyball, 8LM, EV 88.8 MPH)
|
|
Batting: RHB Vic Lucatero
|
0-0: Foul Ball, location: 2F 0-1: Ball 1-1: Fielders Choice at 2nd, 6-4 (Groundball, 6, EV 81.9 MPH)
|
| Bottom of the 3rd over - 0 runs, 1 hit, 0 errors, 2 left on base; Chattanooga 1 - Birmingham 0 |
| TOP OF THE 4TH |
|
Chattanooga Lookouts batting - Pitching for Birmingham Barons : RHP Toyotoshi Matsui
|
|
Batting: RHB David Nardone
|
0-0: Ground out 4-3 (Groundball, 34, EV 102.5 MPH)
|
|
Batting: LHB Marshall Daul
|
0-0: Ball 1-0: Called Strike 1-1: Called Strike 1-2: Ball 2-2: Ball 3-2: Base on Balls
|
|
Pitching: LHP Miguel Moreno
|
|
|
Batting: RHB Mike Craver
|
0-0: Ball Marshall Daul steals 2nd base (no throw) 1-0: Called Strike 1-1: Ball 2-1: DOUBLE (Line Drive, 9LM, EV 110.6 MPH) Marshall Daul scores
|
|
Batting: LHB Shaun Price
|
0-0: Called Strike 0-1: Foul Ball, location: 2F 0-2: Strikes out looking
|
|
Batting: LHB Kuemon Shishido
|
0-0: Called Strike 0-1: Ball 1-1: Ball 2-1: SINGLE (Line Drive, 8RS, EV 104.4 MPH) Mike Craver to third Runner from 3rd tries for Home, SAFE, throw by CF to home
|
|
Batting: RHB Manuel Juarez
|
0-0: Ball 1-0: Ball 2-0: Called Strike 2-1: Ball 3-1: Foul Ball, location: 2F 3-2: Foul Ball, location: 2F 3-2: DOUBLE (Groundball, 5L, EV 103.8 MPH) Kuemon Shishido to third Kuemon Shishido scores
|
|
Batting: SHB Matt Urbani
|
0-0: Ground out 4-3 (Groundball, 4, EV 81.9 MPH)
|
| Top of the 4th over - 3 runs, 3 hits, 0 errors, 1 left on base; Chattanooga 4 - Birmingham 0 |
| BOTTOM OF THE 4TH |
|
Birmingham Barons batting - Pitching for Chattanooga Lookouts : LHP Ryan Rakoff
|
|
Batting: LHB Carlos Ramirez
|
0-0: Ball 1-0: Foul Ball, location: 2F 1-1: Ball 2-1: Swinging Strike 2-2: Strikes out swinging
|
|
Batting: RHB Trevor Conklin
|
0-0: Called Strike 0-1: Swinging Strike 0-2: Ball 1-2: Foul Ball, location: 2F 1-2: Strikes out swinging
|
|
Batting: LHB Jason Bell
|
0-0: DOUBLE (Line Drive, 7LM, EV 104.4 MPH)
|
|
Batting: SHB Veit Geisler
|
0-0: Swinging Strike 0-1: Ball 1-1: Swinging Strike 1-2: Ball 2-2: Foul Ball, location: 2F 2-2: Strikes out swinging
|
| Bottom of the 4th over - 0 runs, 1 hit, 0 errors, 1 left on base; Chattanooga 4 - Birmingham 0 |
| TOP OF THE 5TH |
|
Chattanooga Lookouts batting - Pitching for Birmingham Barons : LHP Miguel Moreno
|
|
Batting: LHB Brian Wagner
|
0-0: DOUBLE (Line Drive, 5D, EV 98.1 MPH)
|
|
Batting: RHB Michael McDonald
|
0-0: Called Strike 0-1: SINGLE (Line Drive, 78M, EV 101.2 MPH) Brian Wagner to third
|
|
Batting: RHB David Nardone
|
0-0: Foul Ball, location: 2F 0-1: Fly out, F7 (Flyball, 7, EV 95.6 MPH)
|
|
Batting: LHB Marshall Daul
|
0-0: Ball 1-0: Foul Ball, location: 2F 1-1: Called Strike 1-2: Strikes out swinging
|
|
Batting: RHB Mike Craver
|
0-0: Swinging Strike 0-1: Ball 1-1: Ground out 1-3 (Groundball, 13S, EV 70.6 MPH)
|
| Top of the 5th over - 0 runs, 2 hits, 0 errors, 2 left on base; Chattanooga 4 - Birmingham 0 |
| BOTTOM OF THE 5TH |
|
Birmingham Barons batting - Pitching for Chattanooga Lookouts : LHP Ryan Rakoff
|
|
Batting: LHB Larry Myers
|
0-0: Ball 1-0: Ground out 4-3 (Groundball, 4, EV 102.5 MPH)
|
|
Batting: SHB Matt Childers
|
0-0: Ground out 5-3 (Groundball, 5L, EV 82.5 MPH)
|
|
Batting: RHB Jerry Edmiston
|
0-0: Ball 1-0: Ball 2-0: Called Strike 2-1: Ball 3-1: Foul Ball, location: 2F 3-2: Fly out, F8 (Flyball, 8RD, EV 101.9 MPH)
|
| Bottom of the 5th over - 0 runs, 0 hits, 0 errors, 0 left on base; Chattanooga 4 - Birmingham 0 |
| TOP OF THE 6TH |
|
Chattanooga Lookouts batting - Pitching for Birmingham Barons : LHP Miguel Moreno
|
|
Batting: LHB Shaun Price
|
0-0: Ball 1-0: Fly out, F8 (Flyball, 78M, EV 85.0 MPH)
|
|
Batting: LHB Kuemon Shishido
|
0-0: Ball 1-0: Foul Ball, location: 2F 1-1: Ball 2-1: Foul Ball, location: 2F 2-2: Ground out 4-3 (Groundball, 4, EV 88.8 MPH)
|
|
Batting: RHB Manuel Juarez
|
0-0: Called Strike 0-1: Ball 1-1: Called Strike 1-2: Ball 2-2: DOUBLE (Line Drive, 89D, EV 106.9 MPH)
|
|
Pitching: LHP James Reynolds
|
|
|
Batting: SHB Matt Urbani
|
Balk! Manuel Juarez to third 0-0: Hit by Pitch
|
|
Batting: LHB Brian Wagner
|
0-0: Called Strike 0-1: Ball 1-1: Swinging Strike 1-2: Ball 2-2: Ball Wild Pitch! Manuel Juarez scores Matt Urbani to second 3-2: Strikes out looking
|
| Top of the 6th over - 1 run, 1 hit, 0 errors, 1 left on base; Chattanooga 5 - Birmingham 0 |
| BOTTOM OF THE 6TH |
|
Birmingham Barons batting - Pitching for Chattanooga Lookouts : LHP Ryan Rakoff
|
|
Batting: LHB Dalton Silveira
|
0-0: Ball 1-0: Foul Ball, location: 2F 1-1: Called Strike 1-2: Foul Ball, location: 2F 1-2: Ball 2-2: Strikes out looking
|
|
Batting: RHB Vic Lucatero
|
0-0: Ball 1-0: Ball 2-0: SINGLE (Groundball, 56S, EV 61.2 MPH) (infield hit)
|
|
Batting: LHB Carlos Ramirez
|
0-0: Called Strike 0-1: Ball 1-1: Ball 2-1: SINGLE (Groundball, 5L, EV 104.4 MPH) (infield hit) Vic Lucatero to second
|
|
Batting: RHB Trevor Conklin
|
0-0: Grounds into double play, 6-4-3 (Groundball, 6, EV 83.1 MPH)
|
| Bottom of the 6th over - 0 runs, 2 hits, 0 errors, 1 left on base; Chattanooga 5 - Birmingham 0 |
| TOP OF THE 7TH |
|
Chattanooga Lookouts batting - Pitching for Birmingham Barons : LHP James Reynolds
|
|
Batting: RHB Michael McDonald
|
0-0: Ball 1-0: SOLO HOME RUN (Flyball, 7D, EV 96.2 MPH), Distance : 390 ft
|
|
Batting: RHB David Nardone
|
0-0: Fly out, F8 (Flyball, 8LM, EV 91.2 MPH)
|
|
Batting: LHB Marshall Daul
|
0-0: Ball 1-0: Called Strike 1-1: Ball 2-1: Ground out U3 (Groundball, 3, EV 89.4 MPH)
|
|
Batting: RHB Mike Craver
|
0-0: Ball 1-0: Swinging Strike 1-1: Ground out U3 (Groundball, 3S, EV 68.1 MPH)
|
| Top of the 7th over - 1 run, 1 hit, 0 errors, 0 left on base; Chattanooga 6 - Birmingham 0 |
| BOTTOM OF THE 7TH |
|
Birmingham Barons batting - Pitching for Chattanooga Lookouts : LHP Ryan Rakoff
|
|
Batting: LHB Jason Bell
|
0-0: Ball 1-0: Called Strike 1-1: Ball 2-1: Foul Ball, location: 2F 2-2: Strikes out swinging
|
|
Batting: SHB Veit Geisler
|
0-0: Called Strike 0-1: Swinging Strike 0-2: Strikes out swinging
|
|
Batting: LHB Larry Myers
|
0-0: Ball 1-0: Ground out 6-3 (Groundball, 6, EV 81.2 MPH)
|
| Bottom of the 7th over - 0 runs, 0 hits, 0 errors, 0 left on base; Chattanooga 6 - Birmingham 0 |
| TOP OF THE 8TH |
|
Chattanooga Lookouts batting - Pitching for Birmingham Barons : LHP James Reynolds
|
|
Batting: LHB Shaun Price
|
0-0: Ground out 6-3 (Groundball, 4, EV 98.1 MPH)
|
|
Batting: LHB Kuemon Shishido
|
0-0: Ball 1-0: Foul Ball, location: 2F 1-1: Ball 2-1: Foul Ball, location: 2F 2-2: Ball 3-2: Ground out U3 (Groundball, 34, EV 98.8 MPH)
|
|
Batting: RHB Manuel Juarez
|
0-0: Ball 1-0: Ball 2-0: Ball 3-0: Called Strike 3-1: Swinging Strike 3-2: Fly out, F9 (Flyball, 9S, EV 96.9 MPH)
|
| Top of the 8th over - 0 runs, 0 hits, 0 errors, 0 left on base; Chattanooga 6 - Birmingham 0 |
| BOTTOM OF THE 8TH |
|
Birmingham Barons batting - Pitching for Chattanooga Lookouts : LHP Ryan Rakoff
|
|
Batting: SHB Matt Childers
|
0-0: Ball 1-0: Called Strike 1-1: Ball 2-1: Ball 3-1: Swinging Strike 3-2: Strikes out swinging
|
|
Batting: RHB Jerry Edmiston
|
0-0: Ball 1-0: Called Strike 1-1: Swinging Strike 1-2: Fly out, F7 (Flyball, 7, EV 93.8 MPH)
|
|
Batting: LHB Dalton Silveira
|
0-0: SINGLE (Line Drive, 34, EV 98.1 MPH)
|
|
Batting: RHB Vic Lucatero
|
0-0: Swinging Strike 0-1: Ball 1-1: Swinging Strike 1-2: Strikes out swinging
|
| Bottom of the 8th over - 0 runs, 1 hit, 0 errors, 1 left on base; Chattanooga 6 - Birmingham 0 |
| TOP OF THE 9TH |
|
Chattanooga Lookouts batting - Pitching for Birmingham Barons : LHP James Reynolds
|
|
Batting: SHB Matt Urbani
|
0-0: Called Strike 0-1: SOLO HOME RUN (Flyball, 7D, EV 104.4 MPH), Distance : 401 ft
|
|
Batting: LHB Brian Wagner
|
0-0: Called Strike 0-1: Called Strike 0-2: Ball 1-2: Foul Ball, location: 2F 1-2: Ball 2-2: Ball 3-2: Foul Ball, location: 2F 3-2: Foul Ball, location: 2F 3-2: Foul Ball, location: 2F 3-2: Ground out U3 (Groundball, 3L, EV 79.4 MPH)
|
|
Pitching: RHP Tristan Chapple
|
|
|
Batting: RHB Michael McDonald
|
0-0: Foul Ball, location: 2F 0-1: Ground out 4-3 (Groundball, 4, EV 101.2 MPH)
|
|
Batting: RHB David Nardone
|
0-0: Ground out 5-3 (Groundball, 5, EV 77.5 MPH)
|
| Top of the 9th over - 1 run, 1 hit, 0 errors, 0 left on base; Chattanooga 7 - Birmingham 0 |
| BOTTOM OF THE 9TH |
|
Birmingham Barons batting - Pitching for Chattanooga Lookouts : LHP Ryan Rakoff
|
|
Batting: LHB Carlos Ramirez
|
0-0: Swinging Strike 0-1: Foul Ball, location: 2F 0-2: Foul Ball, location: 2F 0-2: Foul Ball, location: 2F 0-2: Ball 1-2: Foul Ball, location: 2F 1-2: Fly out, F9 (Flyball, 89M, EV 86.9 MPH)
|
|
Batting: RHB Trevor Conklin
|
0-0: Ball 1-0: Foul Ball, location: 2F 1-1: Foul Ball, location: 2F 1-2: SINGLE (Line Drive, 89M, EV 107.5 MPH)
|
|
Pitching: RHP Willie Romero
|
|
|
Batting: LHB Jason Bell
|
0-0: Ball 1-0: Called Strike 1-1: Foul Ball, location: 2F 1-2: Foul Ball, location: 2F 1-2: Grounds into double play, 4-6-3 (Groundball, 4, EV 78.8 MPH)
|
| Bottom of the 9th over - 0 runs, 1 hit, 0 errors, 0 left on base; Chattanooga 7 - Birmingham 0 |
|